 Dungeon Crawl Stone Soup version 0.31.0-11-ge490571c62 (webtiles) character file.

Game seed: 1781835757153141646

756 qw the Ducker (level 7, -9/35 HPs)
             Began as a Spriggan Hunter on Feb 3, 2024.
             Was a Follower of Okawaru.
             Mangled by an ogre
             ... wielding a +0 giant club
              (18 damage)
             ... on level 5 of the Dungeon.
             The game lasted 00:00:16 (2874 turns).

qw the Ducker (Spriggan Hunter)                     Turns: 2874, Time: 00:00:17

Health: -9/35      AC:  2    Str: 13    XL:     7   Next: 50%
Magic:  9/9        EV: 23    Int: 10    God:    Okawaru [*.....]
Gold:   296        SH:  0    Dex: 21    Spells: 6/6 levels left

rFire   . . .        a - +1 shortbow (drain)
rCold   + . .        (shield currently unavailable)
rNeg    . . .        c - +0 robe
rPois   .            (helmet restricted)
rElec   .            (no cloak)
rCorr   .            (gloves unavailable)
SInv    +            (boots unavailable)
Will    +....        (no amulet)
Stlth   ++           m - +6 ring of strength
HPRegen 0.25/turn    i - ring of protection from cold
MPRegen 0.11/turn

%: no passive effects
@: very quick
A: very small, no large weapons, unfitting armour, see invisible, speed 3
a: Renounce Religion, Heroism


You were on level 5 of the Dungeon.
You worshipped Okawaru.
Okawaru was aware of your devotion.
You visited 2 branches of the dungeon, and saw 6 of its levels.

You collected 296 gold pieces.


Innate Abilities, Weirdness & Mutations

You are very small and have problems with some larger weapons.
You are too small for most types of armour.
You have supernaturally acute eyesight. (SInv)
You cover ground extremely quickly. (Speed+++)


   Skills:
 - Level 2.0 Fighting
 + Level 7.1 Ranged Weapons
 - Level 7.2 Dodging
 - Level 1.5 Stealth
 + Level 2.2 Invocations


You had 6 spell levels left.
You didn't know any spells.
Your spell library was empty.

Inventory:

Hand Weapons
 a - a +1 shortbow of draining (weapon)
Armour
 c - a +0 robe (worn)
Jewellery
 i - a ring of protection from cold (right hand)
 m - a +6 ring of strength (left hand)
Scrolls
 l - 3 scrolls of teleportation
Potions
 d - 2 potions of mutation
 f - 2 potions of heal wounds
 g - a potion of curing
 h - a potion of enlightenment
 j - 2 potions of haste
 k - a potion of might {unknown}
 n - a potion of attraction {unknown}
 o - a potion of berserk rage {unknown}
 p - a potion of resistance {unknown}

Dungeon Overview and Level Annotations

Branches:
Dungeon (5/15)             Temple (1/1) D:4

Altars:
Cheibriados
Dithmenos
Fedhas
Hepliaklqana
Nemelex Xobeh
Okawaru
Qazlal
Ru
Sif Muna
Trog
Vehumet
Wu Jian
Xom
Zin

Annotations:
D:4 3 runed translucent doors, qw's ghost, amateur SpHu


Message History

You shoot an arrow. The arrow hits the orc!
You kill the orc!
Okawaru accepts your kill.
You shoot an arrow. The arrow hits Blork the orc.
Blork the orc is heavily wounded.
An ogre comes into view. It is wielding a +0 giant club.
You shoot an arrow. The arrow hits Blork the orc!
You drain Blork the orc.
You kill Blork the orc!
Okawaru accepts your kill.
Your Dodging skill increases to level 7!
Your Invocations skill increases to level 2!
You shoot an arrow. The arrow hits the ogre.
The ogre is lightly wounded.
You shoot an arrow. The arrow hits the ogre.
You drain the ogre.
The ogre is heavily wounded.
The ogre closely misses you.
The orc priest invokes the aid of Beogh against you.
Beogh smites you!
You shoot an arrow. The arrow hits the ogre.
The ogre is severely wounded.
The ogre misses you.
The orc priest begins to cast a cantrip, but forgets the words!
You shoot an arrow. The arrow barely misses the ogre.
The arrow hits the ogre.
You drain the ogre.
The ogre is lightly wounded.
The ogre closely misses you.
The orc priest hits you with a +0 hand axe.
You shoot an arrow. The arrow hits the ogre.
The ogre is severely wounded.
The orc priest calls down the wrath of Beogh upon you.
Pain shoots through your body! The ogre completely misses you.
You shoot an arrow. The arrow hits the ogre.
You drain the ogre.
The ogre is almost dead.
The ogre completely misses you. The orc priest closely misses you.
You shoot an arrow.
The arrow hits the ogre but does no damage.
The ogre is almost dead.
The ogre hits you with a +0 giant club!!
Ouch! That really hurt!
You die...

...#.#.?)##...#7.7#
.........# .###...#
####...###..# #7.7#
####.####.... #...#
............. #7.7#
......)##### #...#
........# #7.7#
........# #...#
........# #7@7#
........#


#oOO# ........# #7o7# .......## ... ......## ..! ####### ..... ..... ......# You
could see 2 ogres, an orc priest and an orc.

Vanquished Creatures
  An ogre (D:5)
  2 phantoms (D:5)
  Blork the orc (D:5)
  A scorpion (D:5)
  A howler monkey (D:4)
  A sleepcap (D:4)
  5 iguanas
  An orc wizard (D:5)
  3 gnolls (D:2)
  5 adders
  A dart slug (D:1)
  3 ribbon worms
  13 orcs
  11 ball pythons
  2 bats
  3 endoplasms
  5 giant cockroaches
  9 goblins
  11 hobgoblins
  3 kobolds
  10 quokkas
  9 rats
101 creatures vanquished.

Notes
Turn   | Place    | Note
-------+----------+-------------------------------------------
     0 | D:1      | qw the Spriggan Hunter began the quest for the Orb.
     0 | D:1      | Reached XP level 1. HP: 10/10 MP: 2/2
     0 | D:1      | 0 ||| qw: Version: 0.3-a-158-g18b3111
     0 | D:1      | 0 ||| qw: Game counter: 4180
     0 | D:1      | 0 ||| qw: Melee chars always use a shield: true
     0 | D:1      | 0 ||| qw: God list: Okawaru
     0 | D:1      | 0 ||| qw: Allow faded altars: false
     0 | D:1      | 0 ||| qw: Do Orc after clearing Dungeon:15 true
     0 | D:1      | 0 ||| qw: Do second Lair branch before Depths: true
     0 | D:1      | 0 ||| qw: Lair rune preference: random
     0 | D:1      | 0 ||| qw: Goals: Normal
     0 | D:1      | 0 ||| PLANNING D:1-11
    75 | D:1      | Reached skill level 3 in Dodging
   268 | D:1      | Reached XP level 2. HP: 14/14 MP: 3/3
   710 | D:1      | 710 ||| UPGRADING to +6 ring of strength.
   711 | D:1      | 711 ||| READING scroll labelled JAN OTORUSOCO.
   812 | D:1      | 812 ||| READING 2 scrolls labelled XYLERI WURYI.
   812 | D:1      | 812 ||| IDENTIFYING dark potion
   813 | D:1      | 813 ||| READING scroll of identify.
   813 | D:1      | 813 ||| IDENTIFYING murky silvery potion
   814 | D:1      | 814 ||| READING scroll labelled EXOBIDOURY.
   915 | D:1      | 915 ||| READING scroll labelled WOUWYA WUOFE.
   919 | D:1      | 919 ||| READING scroll labelled HUDDUATOEDGH.
   920 | D:1      | 920 ||| READING scroll labelled WIWUWN KAING.
   921 | D:1      | 921 ||| DROPPING scroll of butterflies.
   985 | D:2      | 985 ||| RETREEEEATING.
   986 | D:2      | 986 ||| RETREEEEATING.
   988 | D:2      | 988 ||| RETREEEEATING.
   989 | D:2      | 989 ||| RETREEEEATING.
   990 | D:2      | 990 ||| RETREEEEATING.
   991 | D:2      | 991 ||| RETREEEEATING.
   993 | D:2      | Reached XP level 3. HP: 18/18 MP: 4/4
  1118 | D:2      | Reached XP level 4. HP: 21/22 MP: 5/5
  1367 | D:2      | 1367 ||| DROPPING scarf of shadows.
  1368 | D:2      | 1368 ||| READING scroll labelled LIUMIKH AHIT.
  1369 | D:2      | 1369 ||| READING scroll labelled UDAESI WUFAUJU.
  1369 | D:2      | 1369 ||| ENCHANTING +0 shortbow.
  1370 | D:2      | 1370 ||| READING scroll labelled KYSYCO TOTY.
  1370 | D:2      | 1370 ||| BRANDING +1 shortbow.
  1371 | D:2      | 1371 ||| READING scroll labelled DOMADGHAGOSS.
  1387 | D:3      | 1387 ||| STAIRDANCE
  1745 | D:3      | 1745 ||| UPGRADING to ring of protection from cold.
  1746 | D:3      | 1746 ||| READING 2 scrolls of identify.
  1746 | D:3      | 1746 ||| IDENTIFYING fizzy emerald potion
  1747 | D:3      | 1747 ||| READING scroll of identify.
  1747 | D:3      | 1747 ||| IDENTIFYING sapphire potion
  1748 | D:3      | 1748 ||| READING scroll labelled MEIQEF ZOUQ.
  1749 | D:3      | 1749 ||| DROPPING potion of invisibility.
  1805 | D:4      | Found a glowing silver altar of Zin.
  1811 | D:4      | Found a sparkling altar of Nemelex Xobeh.
  1811 | D:4      | Found a shadowy altar of Dithmenos.
  1813 | D:4      | Found a shimmering altar of Xom.
  1847 | D:4      | Found a staircase to the Ecumenical Temple.
  1848 | D:4      | 1848 ||| PLANNING TEMPLE
  1854 | Temple   | Entered the Ecumenical Temple
  1855 | Temple   | 1855 ||| PLANNING OKAWARU WORSHIP
  1876 | Temple   | Became a worshipper of Warmaster Okawaru
  1877 | Temple   | 1877 ||| PLANNING D:1-11
  1953 | D:4      | Reached XP level 5. HP: 26/26 MP: 6/6
  2045 | D:4      | 2045 ||| FLEEEEING.
  2048 | D:4      | 2048 ||| FLEEEEING.
  2049 | D:4      | 2049 ||| FLEEEEING.
  2050 | D:4      | 2050 ||| FLEEEEING.
  2051 | D:4      | 2051 ||| FLEEEEING.
  2315 | D:4      | Found a sacrificial altar of Ru.
  2342 | D:4      | Reached skill level 6 in Ranged Weapons
  2385 | D:4      | Found a runed translucent gate.
  2385 | D:4      | Found a runed translucent gate.
  2385 | D:4      | Found a runed translucent gate.
  2385 | D:4      | Noticed qw's ghost (amateur SpHu)
  2396 | D:4      | Reached XP level 6. HP: 30/30 MP: 7/7
  2511 | D:4      | 2511 ||| READING 2 scrolls of identify.
  2511 | D:4      | 2511 ||| IDENTIFYING bubbling sapphire potion
  2512 | D:4      | 2512 ||| READING scroll of identify.
  2512 | D:4      | 2512 ||| IDENTIFYING ruby potion
  2546 | D:5      | Entered Level 5 of the Dungeon
  2560 | D:5      | Reached skill level 6 in Dodging
  2592 | D:5      | Found a stormy altar of Qazlal.
  2627 | D:5      | 2627 ||| RETREEEEATING.
  2630 | D:5      | 2630 ||| RETREEEEATING.
  2649 | D:5      | Reached * piety under Okawaru
  2650 | D:5      | Reached XP level 7. HP: 9/35 MP: 8/8
  2656 | D:5      | Reached skill level 1 in Invocations
  2859 | D:5      | Noticed Blork the orc
  2867 | D:5      | Killed Blork the orc
  2874 | D:5      | Mangled by an ogre

Levels and vault maps discovered:
D:1:      tarquinn_simple_flora_water_e, layout_basic, minivault_27,
          minmay_tetromino_l4
D:2:      layout_basic, serial_park_tiny_1, minmay_cupped
D:3:      layout_basic
D:4:      minmay_wonky_spiral, layout_loops_ring, minitemple,
          mainiacjoe_overflow_six_doors_small, minmay_temple_entry_junction_2,
          ebering_ghost_rock_garden
D:5:      layout_rooms, chequers_avenue, minmay_ruined_shrine, uniq_eustachio,
          uniq_blork_the_orc, uniq_menkaure
Temple:   chequers_temple_sunken

Skill      XL: |  1  2  3  4  5  6  7 |
---------------+----------------------+-----
Dodging        | 3 4 5 6 7 |  7.2
Ranged Weapons | 5 6 7 |  7.1
Fighting       | 2 |  2.0
Invocations    | 2 |  2.2
Stealth        | |  1.5

Action                     |  1- 3 |  4- 6 |  7- 9 || total
---------------------------+-------+-------+-------++-------
   Fire: Shortbow          |    78 |   179 |    29 ||   286
    Use: Scroll            |     7 |     9 |       ||    16
 Armour: Robe              |     8 |    22 |     4 ||    34
  Dodge: Dodged            |    24 |    58 |    13 ||    95

Table legend:
 A = Non-vault XP
 B = Vault XP
 C = Vault XP percentage of total XP
 D = Non-vault monster count
 E = Vault monster count
 F = Vault count percentage of total count
                 A         B        C        D         E       F
            +---------+---------+-------+---------+---------+-------
      Total |     723 |     358 |  33.1 |      85 |      16 |  15.8
            +---------+---------+-------+---------+---------+-------
        D:1 |      29 |       8 |  21.6 |      16 |       4 |  20.0
        D:2 |      96 |       4 |   4.0 |      20 |       3 |  13.0
        D:3 |      53 |       0 |   0.0 |      23 |       0 |   0.0
        D:4 |     192 |      18 |   8.6 |      16 |       3 |  15.8
        D:5 |     353 |     328 |  48.2 |      10 |       6 |  37.5
            +---------+---------+-------+---------+---------+-------
